 Dungeon Crawl Stone Soup version 0.29-a0-323-g050149af67 (webtiles) character file.

Game seed: 15058780935534331554

21 spaghetti the Cudgeller (level 2, 0/24 HPs)
             Began as a Demonspawn Berserker on Apr 10, 2022.
             Was a Follower of Trog.
             Succumbed to an adder's poison
             ... on level 2 of the Dungeon.
             The game lasted 00:01:10 (675 turns).

spaghetti the Cudgeller (Demonspawn Berserker)       Turns: 675, Time: 00:01:11

Health: 0/24       AC:  2    Str: 17    XL:     2   Next: 65%
Magic:  2/2        EV: 11    Int: 10    God:    Trog [*.....]
Gold:   26         SH:  3    Dex: 12    Spells: 1/1 levels left

rFire   . . .      SeeInvis .   a - +0 mace {mace}
rCold   . . .      Faith    .   g - +0 buckler
rNeg    . . .      Spirit   .   b - +0 animal skin
rPois   .          Reflect  .   (no helmet)
rElec   .          Harm     .   (no cloak)
rCorr   +          Rampage  .   (no gloves)
Will    .....                   (no boots)
Stlth   +.........              (no amulet)
HPRegen 0.08/turn               c - ring of resist corrosion
MPRegen 0.08/turn               (no ring)

@: lethally poisoned (0 -> -2), on berserk cooldown, slowed, very slow
A: big brain 1
a: Renounce Religion, Berserk


You were on level 2 of the Dungeon.
You worshipped Trog.
Trog was aware of your devotion.
You visited 1 branch of the dungeon, and saw 2 of its levels.

You collected 26 gold pieces.


Innate Abilities, Weirdness & Mutations

You have an unusually large brain. (Int +2)


   Skills:
 - Level 3.0 Fighting
 + Level 3.6 Maces & Flails
 - Level 1.7 Armour
 - Level 1.7 Dodging


You had one spell level left.
You didn't know any spells.
Your spell library was empty.

Inventory:

Hand Weapons
 a - a +0 mace (weapon) {mace}
Missiles
 e - 45 stones (quivered) {throwing}
Armour
 b - a +0 animal skin (worn)
 g - a +0 buckler (worn)
   (You found it on level 1 of the Dungeon)
Jewellery
 c - a ring of resist corrosion (left hand)
   (You found it on level 1 of the Dungeon)
Scrolls
 f - a scroll of identify {unknown}
 h - a scroll of amnesia {unknown}
 i - a scroll of vulnerability {unknown}
 j - a scroll of teleportation {unknown}
 k - 2 scrolls of magic mapping {unknown}

Dungeon Overview and Level Annotations

Branches:
Dungeon (1/15)

Altars:

#.# #.# #.#
###########.#
#...........#
#.###.#####.#
#.# #.# #.#
#.# #.# #.#
#@# #.#
#.###### #.#
#.# #.......
#.. #.#
#.######
......# #.#
#.. ###.###
#.####.# .#
#....... .#
#.####.# #
#.# #.# #.#
#.#


There were no monsters in sight!


Message History

You are too injured to fight recklessly!
You are too injured to fight recklessly!
You are too injured to fight recklessly!
You are too injured to fight recklessly!
You are too injured to fight recklessly!
You are too injured to fight recklessly!
You are too injured to fight recklessly!
You are too injured to fight recklessly!
You are too injured to fight recklessly!
You closely miss the adder. The adder bites you.
You are poisoned.
The adder poisons you! The adder bites you. 😮 HP[-3]
You take 3 damage, and now have 18/24 hp.
You barely miss the adder.
You feel sick. The adder bites you but does no damage. The adder bites you.
You are more poisoned.
The adder poisons you! 😮 HP[-4]
You take 4 damage, and now have 14/24 hp.
It was a potion of heal wounds.
You feel much better.
You feel sick. The adder barely misses you. 😕 HP[+9]
You regained 9 hp, and now have 23/24 hp.
You miss the adder.
You feel sick. The adder bites you.
You are more poisoned.
The adder poisons you! The adder closely misses you. 😕 HP[-4]
You take 4 damage, and now have 19/24 hp.
A red film seems to cover your vision as you go berserk!
You feel yourself moving faster!
You feel mighty!
You feel sick. The adder bites you. 😮 HP[+6]
You now have 36 max hp (+12).
You regained 6 hp, and now have 25/36 hp.
You sock the adder!
You feel sick. The adder bites you. 😮 HP[-4]
You take 4 damage, and now have 21/36 hp.
You closely miss the adder.
You feel sick. The adder bites you.
* * * LOW HITPOINT WARNING * * *
You are more poisoned.
The adder poisons you! 😨 HP[-5]
You take 5 damage, and now have 16/36 hp.
You closely miss the adder.
* * * LOW HITPOINT WARNING * * *
You feel very sick. The adder bites you.
* * * LOW HITPOINT WARNING * * *
The adder barely misses you. 😨 HP[-5]
You take 5 damage, and now have 11/36 hp.
You barely miss the adder.
* * * LOW HITPOINT WARNING * * *
You feel sick. The adder barely misses you. 😱 HP[-2]
You take 2 damage, and now have 9/36 hp.
Unknown command.
You miss the adder.
* * * LOW HITPOINT WARNING * * *
You feel sick. You block the adder's attack. 😱 HP[-1]
You take 1 damage, and now have 8/36 hp.
You closely miss the adder.
* * * LOW HITPOINT WARNING * * *
You feel sick. The adder closely misses you. 😱 HP[-2]
You take 2 damage, and now have 6/36 hp.
You sock the adder!
You kill the adder!
Trog accepts your kill.
* * * LOW HITPOINT WARNING * * *
You feel sick. 😱 HP[-1]
You take 1 damage, and now have 5/36 hp.
You start resting.
* * * LOW HITPOINT WARNING * * *
You feel sick.
Unknown command.
Unknown command.
Expiring: You are possessed by a berserker rage.
You are seriously poisoned (5 -> 1).
Your movement speed is very quick.
Your attack delay is about 0.7.
You start resting.
You feel a strong urge to attack something.
* * * LOW HITPOINT WARNING * * *
You feel sick.
You are no longer berserk.
You are exhausted.
You feel yourself slow down.
There is a lethal amount of poison in your body! 😱 HP[-3]
You now have 24 max hp (-12).
You are lethally poisoned (2 -> -1).
You are unable to berserk.
You are slowed.
Your movement speed is very slow.
Your attack delay is about 1.9.
Unknown command.
Okay, then.
There is a lethal amount of poison in your body!
You die...

Skill      XL: |  1 |
---------------+----+-----
Maces & Flails | 3 |  3.6
Fighting       | |  3.0
Armour         | |  1.7
Dodging        | |  1.7

Action                   || total
-------------------------++-------
Melee: Mace              ||    45
Throw: Stone             ||     9
Invok: Berserk           ||     2
  Use: Potion            ||     1
 Stab: Sleeping          ||     1
Armor: Animal skin       ||    10
Dodge: Dodged            ||    25
Block: Buckler           ||     5

Levels and vault maps discovered:
D:1:      lightli_arrival_noodles, layout_loops_ring, bh_walls_and_bars
D:2:      layout_loops_ring, hex_tiny, grunt_ministairs_8

Notes
Turn   | Place    | Note
-------+----------+-------------------------------------------
     0 | D:1      | spaghetti the Demonspawn Berserker began the quest for the
                  | Orb.
     0 | D:1      | Reached XP level 1. HP: 18/18 MP: 1/1
     0 | D:1      | magus.rc [v1.9.6]
   203 | D:1      | Reached skill level 3 in Maces & Flails
   383 | D:1      | Gained mutation: You have an unusually large brain. (Int
                  | +2) [demonic ancestry]
   383 | D:1      | Reached XP level 2. HP: 21/24 MP: 2/2
   624 | D:1      | You fall into a shaft and drop 1 floor!
   668 | D:2      | HP: 9/36 [poisoned by an adder]
   673 | D:2      | HP: 4/36 [poisoned by an adder]
   675 | D:2      | Succumbed to an adder's poison

Vanquished Creatures
  An adder (D:2)
  A ball python (D:1)
  A bat (D:1)
  An endoplasm (D:1)
  3 goblins (D:1)
  A hobgoblin (D:1)
  A quokka (D:1)
  A frilled lizard (D:1)
  A rat (D:1)
11 creatures vanquished.

Table legend:
 A = Non-vault XP
 B = Vault XP
 C = Vault XP percentage of total XP
 D = Non-vault monster count
 E = Vault monster count
 F = Vault count percentage of total count
                 A         B        C        D         E       F
            +---------+---------+-------+---------+---------+-------
      Total |      31 |       0 |   0.0 |      11 |       0 |   0.0
            +---------+---------+-------+---------+---------+-------
        D:1 |      18 |       0 |   0.0 |      10 |       0 |   0.0
        D:2 |      13 |       0 |   0.0 |       1 |       0 |   0.0
            +---------+---------+-------+---------+---------+-------

Illustrated notes

Table legend:
 A = Kills in this place as a percentage of kills in entire the game.
 B = Kills by you in this place as a percentage of kills by you in the entire game.
 C = Kills by friends in this place as a percentage of kills by friends in the entire game.
 D = Other kills in this place as a percentage of other kills in the entire game.
 E = Experience gained in this place as a percentage of experience gained in the entire game.
 F = Experience gained in this place divided by the number of levels of this place that you have seen.
                   A       B       C       D       E      F
               +-------+-------+-------+-------+-------+----------------------
         Total | 100.0 | 100.0 |   N/A |   N/A | 100.0 |  15.5
       Dungeon | 100.0 | 100.0 |   N/A |   N/A | 100.0 |  15.5
               +-------+-------+-------+-------+-------+----------------------

Table legend: (Time is in decaauts)
 A = Elapsed time spent in this place.
 B = Non-inter-level travel time spent in this place.
 C = Inter-level travel time spent in this place.
 D = Time resting spent in this place.
 E = Time spent auto-exploring this place.
 F = Levels seen in this place.
 G = Mean time per level.
                   A        B        C        D        E       F      G
               +--------+--------+--------+--------+--------+-----+--------+
         Total |    692 |    692 |      0 |    274 |    289 |   2 |  346.0 |
       Dungeon |    692 |    692 |      0 |    274 |    289 |   2 |  346.0 |
               +--------+--------+--------+--------+--------+-----+--------+

Top non-repeatable levels by time:
     D:1: 642 daAuts
     D:2: 50 daAuts
